 Seeded DCSS version 0.30.1-11-g7821555f0a (webtiles) character file.

Game seed: 6351066067085065685 (custom seed)

349 Esekla the Magician (level 6, -1/32 HPs)
             Began as a Deep Elf Wanderer on Dec 12, 2023.
             Was a Believer of Vehumet.
             Slain by a gnoll
             ... wielding a +0 flail
              (11 damage)
             ... on level 4 of the Dungeon on Dec 13, 2023.
             The game lasted 00:22:09 (3017 turns).

Esekla the Magician (Deep Elf Wanderer)             Turns: 3017, Time: 00:22:10

Health: -1/32      AC:  4    Str: 11    XL:     6   Next: 33%
Magic:  18/18      EV: 12    Int: 20    God:    Vehumet [**....]
Gold:   233        SH:  4    Dex: 14    Spells: 9/19 levels left

rFire   . . .        s - +5 rapier of the Hero {heavy, rN+ Dex+3}
rCold   . . .        d - +0 buckler
rNeg    + . .        c - +0 robe
rPois   .            m - +0 helmet
rElec   .            (no cloak)
rCorr   .            l - +0 pair of gloves
SInv    .            (no boots)
Will    .....        t - amulet of magic regeneration
Stlth   ++           (no ring)
HPRegen 0.25/turn    (no ring)
MPRegen 0.56/turn

%: no passive effects
@: no status effects
A: no striking features
a: Renounce Religion


You were on level 4 of the Dungeon.
You worshipped Vehumet.
Vehumet was pleased with you.
You visited 1 branch of the dungeon, and saw 5 of its levels.

You collected 233 gold pieces.

Inventory:

Hand Weapons
 a - a +1 short sword of freezing
 r - a +0 spear
 s - the +5 rapier of the Hero (weapon) {heavy, rN+ Dex+3}
   (You found it on level 3 of the Dungeon)

   Dex:       It affects your dexterity (+3).
   rN:        It protects you from negative energy.
Missiles
 A - 9 poisoned darts (quivered)
Armour
 c - a +0 robe (worn)
 d - a +0 buckler (worn)
 l - a +0 pair of gloves (worn)
 m - a +0 helmet (worn)
Jewellery
 t - an amulet of magic regeneration (around neck)
Wands
 i - a wand of roots (5)
Scrolls
 g - 4 scrolls of identify {unknown}
 j - a scroll of magic mapping {unknown}
 o - a scroll of amnesia {unknown}
 p - a scroll of enchant armour {unknown}
 q - a scroll of immolation {unknown}
 v - a scroll of enchant weapon {unknown}
 x - a scroll of fog {unknown}
 y - a scroll of silence {unknown}
 z - a scroll of blinking {unknown}
 B - a scroll of summoning {unknown}
Potions
 b - 2 potions of lignification
 e - a potion of ambrosia {unknown}
 f - 2 potions of attraction {unknown}
 h - a potion of heal wounds {unknown}
 k - a potion of haste {unknown}
 n - a potion of mutation {unknown}
 u - 3 potions of brilliance {unknown}


   Skills:
 + Level 1.0 Short Blades
 * Level 2.8 Dodging
 + Level 2.2 Stealth
 + Level 1.6 Shields
 * Level 7.0 Spellcasting
 + Level 1.5 Conjurations
 * Level 2.6 Necromancy
 + Level 3.0 Translocations
 + Level 1.0 Invocations
 + Level 0.2 Evocations


You had 9 spell levels left.
You knew the following spells:

 Your Spells              Type           Power      Damage    Failure   Level
a - Magic Dart            Conj           52%        1d5       8%          1
b - Blink                 Tloc           38%        N/A       6%          2
d - Vampiric Draining     Necr           17%        2d7       14%         3
n - Ignite Poison         Fire/Tmut/Pois 7%         N/A       38%         3
p - Apportation           Tloc           38%        N/A       4%          1

Your spell library contained the following spells:

 Spells                   Type           Power      Damage    Failure   Level
 Sandblast                Erth           14%        2d6       14%         1
 Lesser Beckoning         Tloc           38%        N/A       6%          2
 Gell's Gravitas          Tloc           19%        N/A       12%         3
 Teleport Other           Tloc           19%        N/A       12%         3
 Spider Form              Tmut/Pois      7%         N/A       38%         3
 Cause Fear               Hex            3%         N/A       80%         4
 Summon Mana Viper        Hex/Summ       7%         N/A       98%         5


Dungeon Overview and Level Annotations

Branches:
Dungeon (5/15)
 Temple: D:4-7

Altars:
Dithmenos
Hepliaklqana
Okawaru
Qazlal
Trog
Vehumet
Zin
The Shining One

Shops:
D:2 =

Annotations:
D:2 black bear


Message History

The gnoll hits you with a +0 whip.
* * * LOW HITPOINT WARNING * * *
Casting: Blink (safe; 6% risk of failure)
Confirm with . or Enter, or press ? or * to list all spells.
You blink.
Okay, then.
The gnoll is no longer moving quickly.
A gnoll comes into view. It is wielding a +0 spear.
You feel stable enough to blink again.
The gnoll bouda barks out a call to the hunt!
The gnolls pick up the pace!
A gnoll comes into view. It is wielding a +0 club.
The gnoll shouts! x2
The gnoll bouda barks out a call to the hunt!
The gnoll picks up the pace!
The gnoll throws a throwing net.
The throwing net barely misses you.
Your magical contamination has completely faded away.
As you read the scroll of fear, it crumbles to dust.
You assume a fearsome visage.
The gnoll bouda looks frightened!
The gnoll looks frightened! x4
The gnoll shouts!
Your attacks no longer feel as feeble.
Found a pair of gloves.
A gnoll comes into view. It is wielding a +0 spear.
The gnoll shouts!
A gnoll comes into view. It is wielding a +0 halberd.
The gnoll shouts!
You hear a shout!
A gnoll comes into view. It is wielding a +0 flail.
A gnoll comes into view. It is wielding a +0 club.
The gnoll moves out of view.
A gnoll comes into view. It is wielding a +0 spear.
You block the gnoll's attack. The gnoll closely misses you.
The gnoll hits you from afar with a +0 spear.
* * * LOW HITPOINT WARNING * * *
The gnoll shouts!
The gnoll shouts!
There is a stone staircase leading down, spattered with blood here.
The gnoll hits you with a +0 flail!
You die...

#####.......#..
#........##.##...........'..
#...........##...........#..
##.....g.....##...........#..
#............##...........#..
#............##...........#..
#.............#.....###...#..
#..........g..####'####...#..
#.....g...g.@................
#.####....g.g.####.##........
#.............# #.##.....##.
#..[.........................
#..................##....##..
#..................##....##..
#........##........#.........
#........##........#.........
#........## # #.........


You could see 6 gnolls.

Vanquished Creatures
  2 scorpions (D:5)
  A hound (D:3)
  2 iguanas
  3 gnolls (D:2)
  6 adders
  A worm (D:4)
  3 dart slugs
  6 orcs
  6 ball pythons
  4 endoplasms
  8 goblins
  5 hobgoblins
  A quokka (D:1)
  4 bats
  4 frilled lizards
  5 kobolds
  A rat (D:2)
62 creatures vanquished.

Notes
Turn   | Place    | Note
-------+----------+-------------------------------------------
     0 | D:1      | Esekla the Deep Elf Wanderer began the quest for the Orb.
     0 | D:1      | Esekla set off with the following items: a +0 club, a
                  | potion of lignification, a +0 robe, a +0 buckler; and the
                  | following spells available to memorise: Apportation, Blink,
                  | Lesser Beckoning, Magic Dart, Ignite Poison, Vampiric
                  | Draining.
     0 | D:1      | Reached XP level 1. HP: 10/10 MP: 7/7
     2 | D:1      | Learned a level 1 spell: Magic Dart
     4 | D:1      | Learned a level 1 spell: Apportation
   305 | D:2      | Found Renulab's Jewellery Shop.
   544 | D:4      | Found a radiant altar of Vehumet.
   554 | D:4      | Found an iron altar of Okawaru.
   565 | D:4      | Found a glowing silver altar of Zin.
   647 | D:4      | Became a worshipper of Vehumet
   852 | D:3      | Reached XP level 2. HP: 15/15 MP: 7/9
   855 | D:3      | Learned a level 2 spell: Blink
   992 | D:2      | Reached skill level 5 in Spellcasting
  1191 | D:2      | Noticed a black bear
  1473 | D:3      | Identified the +5 rapier of the Hero {heavy, rN+ Dex+3}
  1603 | D:3      | Reached skill level 1 in Conjurations
  1663 | D:5      | Entered Level 5 of the Dungeon
  1680 | D:5      | Reached XP level 3. HP: 6/19 MP: 2/11
  1684 | D:5      | Learned a level 3 spell: Ignite Poison
  1691 | D:5      | Reached skill level 1 in Necromancy
  1694 | D:5      | Noticed a scorpion
  1705 | D:5      | Killed a scorpion
  1706 | D:5      | Reached skill level 1 in Dodging
  1706 | D:5      | Reached XP level 4. HP: 24/24 MP: 1/13
  1707 | D:5      | Got the Parchment of the Lumpy Olives
  1755 | D:5      | Found a shadowy altar of Dithmenos.
  1812 | D:5      | Learned a level 3 spell: Vampiric Draining
  1812 | D:5      | Noticed a scorpion
  1815 | D:5      | Killed a scorpion
  1816 | D:5      | Reached skill level 6 in Spellcasting
  1816 | D:5      | Reached XP level 5. HP: 28/28 MP: 13/15
  1831 | D:5      | Reached * piety under Vehumet
  1831 | D:5      | Offered knowledge of Freeze by Vehumet.
  2141 | D:3      | Found a stormy altar of Qazlal.
  2201 | D:3      | Found a hazy altar of Hepliaklqana.
  2201 | D:3      | Found a bloodstained altar of Trog.
  2575 | D:1      | Reached XP level 6. HP: 32/32 MP: 14/17
  2700 | D:2      | Found a faded altar of an unknown god.
  2713 | D:2      | Offered knowledge of Sandblast by Vehumet.
  2736 | D:2      | Reached ** piety under Vehumet
  2904 | D:4      | Reached skill level 1 in Short Blades
  2918 | D:4      | Found a glowing golden altar of the Shining One.
  2946 | D:4      | Reached skill level 7 in Spellcasting
  3017 | D:4      | Slain by a gnoll

Illustrated notes

Levels and vault maps discovered:
D:1:      sevenhm_arrival_forest_fort_small_3, layout_rooms,
          chequers_serial_rivers_room_b, minmay_misc_feat_five
D:2:      layout_loops_ring, dreamdust_ecumenical_altar_angels_and_demons,
          serial_shops, shop
D:3:      layout_basic, grunt_temple_overflow_open, minmay_misc_feat_iff
D:4:      layout_basic, nicolae_overflow_quartered_altars, serial_shops,
          nicolae_diamond_shop
D:5:      layout_loops_ring, lemuel_doored_altar, minmay_misc_feat_rows,
          dreamdust_wishing_well

Skill      XL: |  1  2  3  4  5  6 |
---------------+-------------------+-----
Spellcasting   | 5 6 7 |  7.0
Conjurations   | 1 |  1.5
Necromancy     | 1 2 |  2.6
Dodging        | 1 2 |  2.8
Translocations | 3 |  3.0
Stealth        | 2 |  2.2
Short Blades   | 1 |  1.0
Shields        | |  1.6
Invocations    | |  1.0
Evocations     | |  0.2

Action                     |  1- 3 |  4- 6 || total
---------------------------+-------+-------++-------
  Melee: Short sword       |    54 |       ||    54
         Rapier            |     1 |    56 ||    57
  Throw: Dart              |       |     2 ||     2
   Cast: Apportation       |    32 |    14 ||    46
         Magic Dart        |    35 |    44 ||    79
         Blink             |     2 |     1 ||     3
         Vampiric Draining |       |     7 ||     7
  Evoke: Wand              |     4 |       ||     4
    Use: Scroll            |     1 |     1 ||     2
         Potion            |     3 |       ||     3
   Stab: Sleeping          |     1 |     4 ||     5
 Armour: Robe              |    28 |    11 ||    39
  Dodge: Dodged            |    33 |    42 ||    75
  Block: Buckler           |     8 |    12 ||    20
